 Dungeon Crawl Stone Soup version 0.22.1-1-ga44c0e5 (webtiles) character file.

220 Merlin the Chopper (level 5, -15/47 HPs)
             Began as a Minotaur Fighter on Sept 21, 2018.
             Demolished by an orc wizard
             ... wielding a +2 dagger of electrocution
              (18 damage)
             ... on level 4 of the Dungeon.
             The game lasted 00:07:04 (2275 turns).

Merlin the Chopper (Minotaur Fighter)               Turns: 2275, Time: 00:07:05

Health: -15/47     AC: 13    Str: 21    XL:     5   Next: 64%
Magic:  0/4        EV:  4    Int:  5    God:
Gold:   131        SH:  9    Dex: 10    Spells: 4/4 levels left

rFire    . . .     SeeInvis .   a - +1 war axe
rCold    . . .     Gourm    .   c - +0 shield
rNeg     . . .     Faith    .   y - +0 plate armour
rPois    +         Spirit   +   (helmet restricted)
rElec    .         Reflect  .   q - +0 cloak
rCorr    +         Harm     .   (no gloves)
MR       .....                  (no boots)
Stlth    ..........             w - amulet of guardian spirit
HPRegen  0.15/turn              k - ring of poison resistance
MPRegen  0.09/turn              n - ring of resist corrosion

@: no status effects
A: retaliatory headbutt, horns 2
a: no special abilities


You were on level 4 of the Dungeon.
You were hungry.

You visited 1 branch of the dungeon, and saw 4 of its levels.

You collected 131 gold pieces.

Inventory:

Hand Weapons
 a - a +1 war axe (weapon)
Armour
 c - a +0 shield (worn)
 q - a +0 cloak (worn)
 x - a +0 large shield
 y - a +0 plate armour (worn)
Jewellery
 k - a ring of poison resistance (left hand)
 n - a ring of resist corrosion (right hand)
 w - an amulet of guardian spirit (around neck)
Scrolls
 b - a scroll of fear {unknown}
 g - a scroll of teleportation {unknown}
 h - a scroll of magic mapping {unknown}
 i - 2 scrolls of blinking
 m - 3 scrolls of enchant weapon
 o - 2 scrolls of remove curse {unknown}
 p - a scroll of enchant armour {unknown}
 t - a scroll of amnesia {unknown}
Potions
 d - 2 potions of might
 e - 3 potions of lignification
 j - a potion of invisibility {unknown}
 l - a potion of degeneration {unknown}
 r - a potion of flight {unknown}
 s - a potion of ambrosia {unknown}
 v - 2 potions of mutation
Comestibles
 f - 8 rations


   Skills:
 + Level 4.7 Fighting
 * Level 4.9 Axes
 + Level 4.7 Armour
 + Level 4.7 Shields


You had 4 spell levels left.
You didn't know any spells.
Your spell library was empty.

Dungeon Overview and Level Annotations

Branches:
Dungeon (4/15)
 Temple: D:4-7

Altars:
Kikubaaqudgha


Innate Abilities, Weirdness & Mutations

You reflexively headbutt those who attack you in melee.
You have a pair of horns on your head.


Message History

You hit the orc priest.
The orc priest is moderately wounded.
Your shield and plate armour prevent you from hitting something.
You hear some strange, mumbled words.
A magic dart appears from out of thin air!
The magic dart hits you! The orc priest barely misses you.
Something hits you but does no damage.
You are electrocuted!
The orc priest hits you.
You slash the orc priest!
You kill the orc priest!
You closely miss something.
You hear some strange, mumbled words.
A magic dart appears from out of thin air!
The magic dart hits you!
The leopard gecko hisses menacingly.
Something hits you.
You are electrocuted!
* * * LOW HITPOINT WARNING * * *
You closely miss the leopard gecko. You slash something!
Something hits you but does no damage.
You are electrocuted!
You die...

#.............#
##+#####..##.##
#..##.##
#......##
#.......###
#.........#
#.........#
#.........#
#+###@#####
......)l.......
.....>.........
...............
...............
......!........
......?........
###+###########


You could see a leopard gecko.

Vanquished Creatures
  A bullfrog zombie (D:3)
  A jelly (D:3)
  An orc priest (D:4)
  Crazy Yiuf (D:2)
  2 adders (D:2)
  A worm (D:2)
  A leopard gecko (D:2)
  3 orcs
  10 bats
  9 giant cockroaches
  6 goblins
  11 hobgoblins
  4 jackals (D:3)
  7 kobolds
  A quokka (D:3)
  3 frilled lizards
  10 rats
  A fungus (D:2)
73 creatures vanquished.

Vanquished Creatures (others)
  A human (D:2)
1 creature vanquished.

Grand Total: 74 creatures vanquished

Notes
Turn   | Place    | Note
-------+----------+-------------------------------------------
     0 | D:1      | Merlin the Minotaur Fighter began the quest for the Orb.
     0 | D:1      | Reached XP level 1. HP: 19/19 MP: 0/0
   227 | D:1      | Reached XP level 2. HP: 25/27 MP: 1/1
   683 | D:2      | Reached XP level 3. HP: 12/33 MP: 2/2
  1113 | D:2      | Found an ancient bone altar of Kikubaaqudgha.
  1114 | D:2      | Noticed a human
  1116 | D:2      | Killed a human
  1159 | D:2      | Reached XP level 4. HP: 40/40 MP: 3/3
  1534 | D:2      | Found a runed door.
  1538 | D:2      | Noticed Crazy Yiuf
  1544 | D:2      | Killed Crazy Yiuf
  1750 | D:3      | Reached XP level 5. HP: 46/47 MP: 4/4
  2275 | D:4      | Demolished by an orc wizard

Skill      XL: |  1  2  3  4 |
---------------+-------------+-----
Axes           | 3 4 |  4.9
Shields        | 4 |  4.7
Fighting       | 4 |  4.7
Armour         | 4 |  4.7

Action                   |  1- 3 |  4- 6 || total
-------------------------+-------+-------++-------
Melee: War axe           |    91 |    54 ||   145
       Headbutt          |     7 |    14 ||    21
  Use: Scroll            |       |     5 ||     5
  Eat: Chunk             |     1 |     3 ||     4
Armor: Scale mail        |    42 |     5 ||    47
       Chain mail        |       |    14 ||    14
       Plate armour      |       |     6 ||     6
Dodge: Dodged            |    25 |    10 ||    35
Block: Shield            |    62 |    20 ||    82
